Map: Ephemeron LE

Players

ponken

  • Race: Terran Terran
  • League: Platinum
  • Spawn Location: 5:00

A.I. 1 (Very Hard) - Winner!

  • Race: Terran Terran
  • Spawn Location: 11:00

VOD

Have the link to the VOD?

Description

Time

  • Played on: Jan. 27, 2020, 12:49 p.m.
  • Length: 8:32
Show
View Real Time Build Order
Export as new Build Order

ponken Terran 

Build Orders: Reaper Expand 

Get SALT Encoding   

  12  0:00  SCV  
  13  0:13  SCV  
  14  0:17  Supply Depot  
  14  0:25  SCV  
  15  0:38  SCV  
  15  0:39  Barracks  
  16  0:44  Refinery  
  16  0:50  SCV  
  17  1:03  SCV  
  18  1:15  SCV  
  19  1:27  Orbital Command  
  19  1:28  Reaper  
  20  1:44  Command Center  
  20  1:52  SCV  
  21  1:55  Supply Depot  
  21  2:00  Marine  
  22  2:04  SCV  
  23  2:11  Factory  
  23  2:16  SCV  
  23  2:22  Bunker  
  24  2:24  Barracks Reactor  
  24  2:28  SCV  
  25  2:32  Refinery  
  25  2:41  SCV  
  26  2:53  SCV  
  27  2:58  Starport  
  27  2:59  Orbital Command  
  27  3:02  Marine x2  
  27  3:03  Factory Tech Lab  
  30  3:05  SCV  
  30  3:13  Supply Depot  
  30  3:19  SCV  
  31  3:20  Marine  
  31  3:22  Marine  
  36  3:27  Cyclone  
  36  3:29  SCV  
  37  3:36  Starport Tech Lab  
  37  3:39  SCV  
  37  3:40  Supply Depot  
  37  3:41  SCV  
  39  3:42  Marine  
  39  3:44  Marine  
  41  3:51  SCV  
  41  3:53  SCV  
  43  4:00  Marine  
  43  4:02  Raven, Marine  
  45  4:03  Refinery  
  45  4:07  Supply Depot  
  48  4:10  SCV x2  
  49  4:18  Marine  
  49  4:19  Marine  
  51  4:26  Siege Tank  
  51  4:27  SCV  
  51  4:28  SCV  
  56  4:39  Command Center  
  56  4:40  SCV x2, Marine x2  
  60  4:47  Refinery  
  60  4:48  Supply Depot  
  60  4:51  Supply Depot  
  60  4:59  SCV x2  
  62  5:00  Starport Reactor  
  62  5:04  Siege Tank  
  65  5:10  Supply Depot  
  65  5:12  SCV x2  
  67  5:18  Supply Depot  
  67  5:22  Viking x2  
  67  5:28  Engineering Bay  
  71  5:30  SCV x2, Engineering Bay  
  73  5:36  Siege Tank  
  73  5:42  SCV x2  
  78  5:45  Supply Depot  
  78  5:54  SCV x2  
  78  5:55  Viking x2  
  84  6:05  Barracks x2  
  84  6:09  Marine  
  85  6:15  Siege Tank  
  88  6:20  Orbital Command  
  88  6:25  Viking x2  
  92  6:27  Marine  
  93  6:35  SCV  
  93  6:38  Supply Depot  
  94  6:53  Orbital Command  
  94  6:55  Viking x2  
  94  6:56  Marine  
  94  6:58  Barracks Reactor x2  
  99  7:05  Supply Depot  
  99  7:14  SCV x2  
  101  7:17  Supply Depot  
  101  7:20  SCV  
  102  7:26  SCV  
  103  7:31  Marine  
  103  7:32  Siege Tank  
  103  7:33  Supply Depot, Medivac  
  103  7:34  Medivac  
  103  7:37  SCV x2  
  113  7:39  Refinery  
  113  7:40  SCV  
  113  7:42  Marine x3, Refinery  
  113  7:43  Marine  
  118  7:48  Marine  
  118  7:49  SCV x2  
  121  7:52  SCV  
  122  8:04  Command Center  
  122  8:07  Barracks  
  122  8:08  Factory  
  122  8:11  SCV x2, Marine x2  
  122  8:12  Marine x3  
Show
View Real Time Build Order
Export as new Build Order

A.I. 1 (Very Hard) Terran - Winner!

Build Orders:  

Get SALT Encoding   

  12  0:00  SCV  
  13  0:13  SCV  
  14  0:18  Supply Depot  
  14  0:25  SCV  
  15  0:39  SCV  
  16  0:44  Barracks  
  16  0:51  SCV  
  17  1:04  SCV  
  18  1:16  SCV  
  19  1:19  Command Center  
  19  1:32  Orbital Command  
  19  1:33  Marine  
  20  1:45  Supply Depot  
  20  1:49  Refinery  
  20  1:51  Marine  
  21  1:58  SCV  
  22  2:08  Marine, Barracks  
  22  2:10  SCV  
  24  2:16  Refinery  
  24  2:22  SCV  
  25  2:26  Marine  
  25  2:29  Supply Depot  
  26  2:34  SCV  
  27  2:43  Orbital Command  
  27  2:45  Marine  
  27  2:48  SCV  
  29  2:59  Factory  
  29  3:00  SCV  
  29  3:02  Marine  
  29  3:05  Marine  
  31  3:09  SCV  
  33  3:13  SCV  
  33  3:19  Marine  
  34  3:21  SCV  
  34  3:23  Marine  
  34  3:25  SCV  
  38  3:28  Barracks  
  38  3:33  SCV  
  39  3:37  SCV  
  39  3:38  Barracks Tech Lab  
  40  3:41  Barracks Tech Lab  
  40  3:42  Factory Tech Lab  
  40  3:45  Starport  
  40  3:46  SCV  
  41  3:49  SCV  
  42  3:56  Stimpack, Marine  
  42  3:58  SCV  
  42  3:59  Marine  
  42  4:00  Combat Shield  
  42  4:01  SCV  
  46  4:06  Supply Depot  
  46  4:11  SCV  
  46  4:13  SCV  
  46  4:14  Marine  
  46  4:16  Marine  
  50  4:18  Marine  
  50  4:23  SCV  
  52  4:25  SCV  
  52  4:26  Supply Depot  
  52  4:29  Medivac  
  55  4:35  SCV  
  55  4:37  SCV  
  57  4:39  Marine  
  57  4:40  Supply Depot  
  57  4:41  Marine  
  57  4:43  Siege Tank  
  62  4:47  SCV, Marine  
  62  4:49  SCV, Supply Depot  
  65  4:56  Engineering Bay  
  65  5:01  Engineering Bay  
  65  5:02  Medivac  
  65  5:06  SCV  
  68  5:08  Marauder, SCV, Refinery  
  68  5:12  Marauder  
  68  5:13  Refinery  
  73  5:18  SCV  
  73  5:20  SCV  
  75  5:23  Supply Depot  
  75  5:27  Barracks Reactor  
  75  5:29  Marauder, Missile Turret  
  75  5:30  SCV  
  75  5:32  SCV  
  75  5:34  Marauder  
  81  5:42  Missile Turret, SCV  
  82  5:44  SCV  
  82  5:45  Terran Infantry Weapons Level 1  
  82  5:46  Supply Depot  
  83  5:51  Marauder  
  83  5:54  Barracks  
  83  5:55  Marauder, SCV  
  88  6:00  Terran Infantry Armor Level 1  
  88  6:02  Marine  
  88  6:03  Marine  
  90  6:04  Starport Reactor  
  90  6:09  Supply Depot  
  90  6:12  Marauder  
  90  6:16  Marine  
  93  6:20  Marine  
  93  6:21  Marine  
  95  6:28  Missile Turret  
  95  6:33  Marine  
  95  6:34  Marauder, Supply Depot  
  95  6:35  Concussive Shells  
  95  6:38  Marine  
  99  6:40  Viking x2  
  103  6:48  Missile Turret  
  103  6:51  Marauder  
  105  6:56  Marauder  
  105  6:59  Supply Depot  
  107  7:07  Command Center  
  107  7:08  Missile Turret  
  107  7:10  Medivac  
  107  7:13  Marauder  
  111  7:19  Fusion Core  
  111  7:22  Supply Depot  
  111  7:28  Marauder  
  113  7:37  Medivac  
  115  7:44  Marine  
  115  7:46  Supply Depot  
  115  7:49  Marine  
  115  7:51  Marine  
  118  7:52  Marine  
  118  7:54  Marine  
  118  7:58  Armory  
  120  8:11  Supply Depot  
  120  8:19  SCV x3  
  124  8:28  Refinery  
  124  8:30  Missile Turret  
Tags
 
League
Platinum
Matchup
TvT
Race
Terran
Spawn Locations
Cross Positions
Add a new tag
Caveats
  • Supply blocks, unpowered buildings, or Contaminate may cause inaccurate times.
  • Supply counts are checked every 10 seconds.